 Dungeon Crawl Stone Soup version 0.24.0-13-gcf9b319 (webtiles) character file.

Game seed: 16382947667772457637, levelgen mode: deterministic

102457 Birdy the Prestidigitator (level 15, -1/117 HPs)
             Began as a Purple Draconian Hunter on Dec 7, 2019.
             Was an Elder of Sif Muna.
             Slain by a wolf spider (4 damage)
             ... on level 1 of the Spider Nest on Dec 8, 2019.
             The game lasted 02:01:26 (21872 turns).

Birdy the Prestidigitator (DrHu)                   Turns: 21872, Time: 02:01:27

Health: -1/117     AC: 17    Str: 24    XL:     15   Next: 86%
Magic:  0/26       EV: 16    Int: 18    God:    Sif Muna [****..]
Gold:   2100       SH:  0    Dex:  9    Spells: 10/14 levels left

rFire    . . .     SeeInvis .     - Unarmed
rCold    . . .     Gourm    .   (no shield)
rNeg     + . .     Faith    .   (armour unavailable)
rPois    +         Spirit   +   w - +1 hat
rElec    .         Reflect  .   o - +2 cloak of Tomorrow {rN+ rCorr Dex+2}
rCorr    +         Harm     .   P - +0 pair of gloves of Lounnoz {MR+ Regen+ Dex-5} (curse)
MR       +++..     Clarity  +   c - +2 pair of boots of Polytheism {Slay+4}
Stlth    ++........             i - amulet of guardian spirit
HPRegen  0.69/turn              j - ring "Ysue" {rPois Str+4 Int+6 Stlth+}
MPRegen  0.20/turn              p - +3 ring of slaying

@: berserk cooldown, very slightly contaminated, slowed, very slow
A: breathe power, unfitting armour, clarity, frail 1, cold-blooded, AC +9
a: Breathe Dispelling Energy, Channel Magic, Forget Spell, Divine Exegesis,
Renounce Religion


You were on level 1 of the Spider Nest.
You worshipped Sif Muna.
Sif Muna was greatly pleased with you.
You were not hungry.

You visited 5 branches of the dungeon, and saw 25 of its levels.
You also visited: Trove and Ossuary.

You collected 2413 gold pieces.
You spent 313 gold pieces at shops.

Inventory:

Hand Weapons
 a - a +2 arbalest
 y - the +9 war axe "Wix Rubi" {speed, rF+ rN+ Int+4, unknown}
   (You found it on level 14 of the Dungeon)

   Attacks with this weapon are significantly faster.
   It affects your intelligence (+4).
   It protects you from fire.
   It protects you from negative energy.
Missiles
 W - 43 bolts
Armour
 c - the +2 pair of boots of Polytheism (worn) {Slay+4}
   (You bought it in a shop on level 2 of the Orcish Mines)

   It affects your accuracy and damage with ranged weapons and melee attacks
   (+4).
 o - the +2 cloak of Tomorrow (worn) {rN+ rCorr Dex+2}
   (You found it in an ossuary)

   It affects your dexterity (+2).
   It protects you from negative energy.
   It provides partial protection from all sources of acid and corrosion.
 w - a +1 hat (worn)
 P - the cursed +0 pair of gloves of Lounnoz (worn) {MR+ Regen+ Dex-5}
   (You found it on level 10 of the Dungeon)

   It affects your dexterity (-5).
   It affects your resistance to hostile enchantments.
   It increases your rate of regeneration.
   It has a curse placed upon it.
Jewellery
 i - an amulet of guardian spirit (around neck)
 j - the ring "Ysue" (left hand) {rPois Str+4 Int+6 Stlth+}
   (You found it on level 4 of the Dungeon)

   [ring of poison resistance]

   It affects your strength (+4).
   It affects your intelligence (+6).
   It protects you from poison.
   It makes you more stealthy.
 p - a +3 ring of slaying (right hand)
 q - an uncursed amulet of harm
Wands
 x - a wand of polymorph (8)
 C - a wand of enslavement (1)
 J - a wand of random effects (61)
 U - a wand of paralysis (4)
Scrolls
 k - 8 scrolls of teleportation
 m - 3 scrolls of magic mapping
 n - 16 scrolls of remove curse
 r - 4 scrolls of fog
 s - 10 scrolls of amnesia
 A - a scroll of enchant armour
 G - 2 scrolls of identify
 O - 2 scrolls of silence
 S - a scroll of fear
Potions
 b - 2 potions of lignification
 e - 2 potions of mutation
 g - 3 potions of agility
 h - 5 potions of curing
 l - 7 potions of haste
 t - 6 potions of brilliance
 u - 2 potions of resistance
 v - 3 potions of might
 z - 2 potions of invisibility {unknown}
 B - a potion of berserk rage
 D - 2 potions of flight
 Z - a potion of magic
Miscellaneous
 E - a phantom mirror
 F - a lamp of fire (inert)
 H - a crystal ball of energy
 K - a lightning rod (2/4)
 M - a fan of gales (inert)
Comestibles
 d - 33 rations


   Skills:
 + Level 11.5 Fighting
 * Level 12.3 Crossbows
 + Level 9.8 Dodging
 - Level 0.8 Stealth
 * Level 14.3 Unarmed Combat
 + Level 12.1 Invocations
 * Level 14.9 Evocations


You had 10 spell levels left.
You knew the following spells:

 Your Spells              Type           Power        Failure   Level  Hunger
a - Force Lance           Conj/Tloc      #.......     91%         4    #####..

Your spell library contained the following spells:

 Spells                   Type           Power        Failure   Level  Hunger
 Animate Skeleton         Necr           N/A          22%         1    ##.....
 Apportation              Tloc           #.....       22%         1    ##.....
 Confusing Touch          Hex            #.....       22%         1    ##.....
 Corona                   Hex            #......      22%         1    ##.....
 Magic Dart               Conj           #...         22%         1    ##.....
 Pain                     Necr           #...         22%         1    ##.....
 Sandblast                Erth           #.....       22%         1    ##.....
 Summon Butterflies       Summ           #.......     22%         1    ##.....
 Summon Small Mammal      Summ           #...         22%         1    ##.....
 Blink                    Tloc           N/A          32%         2    ###....
 Call Imp                 Summ           #.......     32%         2    ###....
 Searing Ray              Conj           #.....       32%         2    ###....
 Slow                     Hex            #.......     32%         2    ###....
 Call Canine Familiar     Summ           #.......     54%         3    ####...
 Confuse                  Hex            #.......     54%         3    ####...
 Conjure Flame            Conj/Fire      #.......     54%         3    ####...
 Dazzling Spray           Conj/Hex       #.....       54%         3    ####...
 Gell's Gravitas          Tloc           #.........   54%         3    ####...
 Ignite Poison            Fire/Tmut/Pois #.......     54%         3    ####...
 Inner Flame              Hex/Fire       #.......     54%         3    ####...
 Mephitic Cloud           Conj/Pois/Air  #.......     54%         3    ####...
 Ozocubu's Armour         Chrm/Ice       #.......     54%         3    ####...
 Portal Projectile        Hex/Tloc       #.....       54%         3    ####...
 Summon Guardian Golem    Hex/Summ       #.......     54%         3    ####...
 Cause Fear               Hex            #.........   91%         4    #####..
 Fulminant Prism          Conj/Hex       #.........   91%         4    #####..
 Iskenderun's Mystic Bla  Conj           #.......     91%         4    #####..
 Leda's Liquefaction      Hex/Erth       #.........   91%         4    #####..
 Petrify                  Tmut/Erth      #.......     91%         4    #####..
 Sticky Flame             Conj/Fire      #.......     91%         4    #####..
 Summon Ice Beast         Ice/Summ       #.......     91%         4    #####..
 Summon Lightning Spire   Summ/Air       #.......     91%         4    #####..
 Fireball                 Conj/Fire      #.........   99%         5    ######.
 Irradiate                Conj/Tmut      #.........   99%         5    ######.
 Metabolic Englaciation   Hex/Ice        #.........   99%         5    ######.
 Summon Mana Viper        Hex/Summ       #.......     99%         5    ######.
 Yara's Violent Unravell  Hex/Tmut       #.........   99%         5    ######.
 Bolt of Cold             Conj/Ice       #.........   100%        6    #######
 Summon Hydra             Summ           #.........   100%        7    #######


Dungeon Overview and Level Annotations

Branches:
Dungeon (15/15)            Temple (1/1) D:4            Lair (6/6) D:10
 Shoals (0/4) Lair:2       Spider (1/4) Lair:4        Slime (0/5) Lair:5
    Orc (2/2) D:12            Elf (0/3) Orc:2        Vaults (0/5) D:14
 Depths (0/5) D:15        Ossuary (visited)

Altars:
Ashenzari
Cheibriados
Dithmenos
Elyvilon
Fedhas
Gozag
Hepliaklqana
Kikubaaqudgha
Makhleb
Nemelex Xobeh
Okawaru
Qazlal
Ru
Sif Muna
Trog
Uskayaw
Vehumet
Wu Jian
Xom
Yredelemnul
Zin
The Shining One
Jiyva

Shops:
D:8 *(   D:13 %   D:15 ((   Orc:1 [   Orc:2 !:[!!


Innate Abilities, Weirdness & Mutations

You can breathe bolts of dispelling energy.
Your rich purple scales are hard. (AC +9)
You cannot fit into any form of body armour.
You are cold-blooded and may be slowed by cold attacks.
You possess an exceptional clarity of mind.
You are frail. (-10% HP)


Message History

There is a large open door here.
You are too berserk!
Okay, then.
You are too berserk!
You enter the shallow water.
Moving in this stuff is going to be slow.
You feel your anger nearly subside.
You enter the shallow water.
Moving in this stuff is going to be slow.
You are no longer berserk.
You are exhausted.
You feel yourself slow down.
The wolf spider splashes around in the water.
The wolf spider bites you.
* * * LOW HITPOINT WARNING * * *
You feel better. The wolf spider hits you!
* * * LOW HITPOINT WARNING * * *
The wolf spider splashes around in the water. x3
The wolf spider hits you.
You die...

....^........# #≈≈.≈≈†#####..≈
.............## ##≈≈≈### #≈≈s.
..............### ##≈.## #≈.≈≈
................###≈≈.# ## #..≈≈
.................###.≈# #(#######
.........††...### #..##≈≈≈##
..(........#### ####''#≈≈≈≈≈#
..............###^.≈≈≈≈.≈≈≈≈##
..............≈.@s≈...≈≈≈≈≈≈≈≈#s#
..............###s.≈.≈≈≈≈≈≈≈≈≈#..
...^.......#####≈≈##++#≈≈≈≈≈≈≈#s#
.....!.......##≈≈≈# ###≈≈##
......^.†.....#(≈## ###
..............###
.............†.#####
...................##
....................##


You could see an emperor scorpion and a wolf spider.

Vanquished Creatures
  Gastronok (D:8)
  A fire giant (D:15)
  Louise (D:15)
  2 entropy weavers
  Nessos (D:14)
  A vault guard (D:14)
  A centaur warrior (D:13)
  7 hydras
  6 catoblepae
  8 two-headed ogres
  Erica (D:8)
  15 death yaks
  Urug (Lair:3)
  4 orc high priests
  Nergalle (D:12)
  4 unseen horrors
  Pikel (D:6)
  A wizard (D:14)
  An orc knight (D:12)
  2 orc sorcerers (Orc:2)
  7 oklob plants
  An ugly thing (D:12)
  5 wolf spiders
  5 orb spiders (Spider:1)
  3 manticores
  3 cyclopes
  3 elephants (Lair:6)
  Maurice (D:11)
  7 black mambas
  Psyche (D:10)
  12 spiny frogs
  5 torpor snails (Lair:4)
  A gargoyle (D:12)
  4 komodo dragons
  A demonic crawler (Lair:4)
  Prince Ribbit (D:6)
  7 jumping spiders (Spider:1)
  8 trolls
  19 blink frogs
  A harpy skeleton (D:14)
  8 hornets (Spider:1)
  10 hippogriffs
  A shadow (D:11)
  17 redbacks
  12 tarantellas
  A centaur simulacrum (D:13)
  52 yaks
  5 water elementals (D:15)
  2 wraiths
  5 humans (D:14)
  Grum (D:9)
  5 basilisks
  A hungry ghost (D:8)
  4 vampire mosquitoes
  A warg (Orc:1)
  2 acid dragons
  A floating eye (D:10)
  4 porcupines
  12 water moccasins
  4 ice beasts
  20 orc warriors
  5 sky beasts
  A black bear (D:8)
  A necrophage (D:8)
  12 ogres
  13 centaurs
  2 phantoms
  11 wolves
  16 crocodiles
  A big kobold (D:7)
  Blork the orc (D:4)
  16 bullfrogs
  A wyvern zombie (D:14)
  6 scorpions
  2 wyvern skeletons
  11 wights
  2 electric eels (D:15)
  4 howler monkeys
  5 crimson imps
  3 centaur zombies
  3 human zombies (Ossuary)
  6 jellies
  19 orc priests
  4 hounds
  20 orc wizards
  A bullfrog skeleton (D:11)
  3 centaur skeletons
  5 iguanas
  Natasha (thrice) (D:4)
  6 worker ants
  2 killer bee zombies
  A hound zombie (Ossuary)
  A hound skeleton (D:4)
  4 mummies (Ossuary)
  A howler monkey zombie (D:11)
  6 gnolls
  2 worker ant zombies
  16 adders
  A howler monkey skeleton (D:5)
  A shadow imp (D:9)
  An ooze (Lair:5)
  2 adder skeletons
  3 worms
  A dart slug (D:2)
  5 leopard geckos
  71 orcs
  7 bats
  8 giant cockroaches
  A gnoll zombie (Ossuary)
  7 goblins
  7 hobgoblins
  6 jackals (D:1)
  5 quokkas
  A ball python (D:3)
  2 frilled lizards
  A goblin zombie (Ossuary)
  2 hobgoblin zombies (Ossuary)
  A jackal zombie (Ossuary)
  13 kobolds
  A leopard gecko zombie (D:6)
  2 orc zombies (Ossuary)
  6 rats
  A rat zombie (Ossuary)
  2 plants
697 creatures vanquished.

Vanquished Creatures (collateral kills)
  An ogre mage (Orc:2)
  A vault guard (D:14)
  A two-headed ogre (Orc:2)
  An orc high priest (Orc:2)
  5 orc knights
  3 orc sorcerers (Orc:2)
  3 humans (D:14)
  A warg (Orc:1)
  2 orc warriors
  8 orc priests
  7 orc wizards
  8 orcs
41 creatures vanquished.

Vanquished Creatures (others)
  2 vault guards (D:14)
  3 two-headed ogres (Orc:2)
  An orc knight (Orc:2)
  6 orc warriors
  An orc wizard (Orc:2)
  A worker ant (D:6)
  An orc (D:12)
  5 fungi
  9 plants
29 creatures vanquished.

Grand Total: 767 creatures vanquished

Notes
Turn   | Place    | Note
-------+----------+-------------------------------------------
     0 | D:1      | Birdy the Draconian Hunter began the quest for the Orb.
     0 | D:1      | Reached XP level 1. HP: 17/17 MP: 1/1
    32 | D:1      | Reached XP level 2. HP: 12/25 MP: 2/2
   283 | D:1      | Reached skill level 1 in Unarmed Combat
   625 | D:2      | Found a hide-covered altar of Uskayaw.
   625 | D:2      | Found a blossoming altar of Fedhas.
   654 | D:2      | Found a hazy altar of Hepliaklqana.
   670 | D:2      | Reached XP level 3. HP: 30/30 MP: 3/3
  1292 | D:3      | Reached XP level 4. HP: 37/37 MP: 4/4
  1339 | D:3      | Found a bloodstained altar of Trog.
  1462 | D:3      | Reached XP level 5. HP: 32/45 MP: 5/5
  1864 | D:4      | Found a staircase to the Ecumenical Temple.
  1870 | Temple   | Entered the Ecumenical Temple
  2060 | D:4      | Reached XP level 6. HP: 33/51 MP: 6/6
  2189 | D:4      | Noticed Blork the orc
  2192 | D:4      | Killed Blork the orc
  2192 | D:4      | Reached skill level 5 in Crossbows
  2383 | D:4      | Your scales start taking on a rich purple colour.
  2383 | D:4      | Reached XP level 7. HP: 58/58 MP: 7/7
  2488 | D:4      | Got a smoking brass ring
  2678 | D:4      | Noticed Natasha
  2680 | D:4      | Killed Natasha
  2693 | D:4      | Noticed Natasha
  2701 | D:4      | Killed Natasha
  2804 | D:4      | Noticed Natasha
  2809 | D:4      | Killed Natasha
  2926 | D:5      | Entered Level 5 of the Dungeon
  2939 | D:5      | Found a sand-covered staircase.
  2947 | D:5      | Reached skill level 5 in Unarmed Combat
  2967 | D:5      | Identified the ring "Ysue" {rPois Str+4 Int+6 Stlth+} (You
                  | found it on level 4 of the Dungeon)
  2978 | Ossuary  | Entered an ossuary
  3067 | Ossuary  | Reached XP level 8. HP: 46/67 MP: 4/8
  3125 | Ossuary  | Got a bloodstained cloak
  3179 | Ossuary  | Identified the +2 cloak of Tomorrow {rN+ rCorr Dex+2} (You
                  | found it in an ossuary)
  3615 | D:5      | Reached skill level 5 in Fighting
  4113 | D:6      | Noticed Prince Ribbit
  4127 | D:6      | Killed Prince Ribbit
  4127 | D:6      | Reached XP level 9. HP: 60/74 MP: 7/9
  4558 | D:6      | Noticed Pikel
  4571 | D:6      | Killed Pikel
  4571 | D:6      | Reached skill level 5 in Dodging
  4873 | D:6      | Found an iron altar of Okawaru.
  5702 | D:8      | Found Ataru's Antique Weapon Boutique.
  5771 | D:8      | Noticed a two-headed ogre
  5790 | D:8      | Killed a two-headed ogre
  5790 | D:8      | Reached XP level 10. HP: 73/84 MP: 8/10
  5875 | D:8      | Noticed Erica
  5904 | D:8      | Killed Erica
  6048 | D:8      | Noticed Gastronok
  6101 | D:8      | Killed Gastronok
  6148 | D:8      | Found Qoptemp's General Store.
  6285 | D:8      | Found a burning altar of Makhleb.
  6482 | D:9      | Found a radiant altar of Vehumet.
  6512 | D:9      | Found a shimmering blue altar of Sif Muna.
  6517 | D:9      | Became a worshipper of Sif Muna the Loreminder
  6768 | D:9      | Noticed Grum
  6782 | D:9      | Killed Grum
  6782 | D:9      | Reached XP level 11. HP: 64/93 MP: 9/11
  6837 | D:9      | Found a snail-covered altar of Cheibriados.
  6837 | D:9      | Found a faded altar of an unknown god.
  6842 | D:9      | Found a faded altar of an unknown god.
  6844 | D:9      | Found a shadowy altar of Dithmenos.
  6845 | D:9      | Found an ornate altar of the Wu Jian Council.
  7110 | D:9      | Reached skill level 1 in Invocations
  7199 | D:9      | Found a white marble altar of Elyvilon.
  7209 | D:9      | Found a basalt altar of Yredelemnul.
  7258 | D:10     | Entered Level 10 of the Dungeon
  7264 | D:10     | Noticed Psyche
  7268 | D:10     | Killed Psyche
  7307 | D:10     | Found a portal to a secret trove of treasure.
  7330 | Trove    | Entered a treasure trove
  7429 | D:10     | Noticed an oklob plant
  7436 | D:10     | Killed an oklob plant
  7436 | D:10     | Reached skill level 10 in Unarmed Combat
  7436 | D:10     | Reached skill level 1 in Evocations
  7438 | D:10     | Noticed an oklob plant
  7445 | D:10     | Paralysed by a floating eye for 3 turns
  7450 | D:10     | Killed an oklob plant
  7450 | D:10     | Reached skill level 10 in Crossbows
  7455 | D:10     | Noticed an oklob plant
  7462 | D:10     | Killed an oklob plant
  7619 | D:10     | Found a staircase to the Lair.
  7640 | D:10     | Killed an unseen horror
  7893 | D:10     | Got a pair of transparent gloves
  7901 | D:10     | Identified the cursed +0 pair of gloves of Lounnoz {MR+
                  | Regen+ Dex-5} (You found it on level 10 of the Dungeon)
  8146 | D:10     | Reached * piety under Sif Muna
  8454 | D:10     | Gained mutation: You are frail. (-10% HP) [potion of
                  | mutation]
  8454 | D:10     | Gained mutation: You possess an exceptional clarity of
                  | mind. [potion of mutation]
  8480 | D:11     | Reached skill level 5 in Evocations
  8594 | D:11     | Noticed a seven-headed hydra
  8604 | D:11     | Killed a seven-headed hydra
  8672 | D:11     | Noticed Maurice
  8683 | D:11     | Killed Maurice
  8783 | D:11     | Noticed a two-headed ogre
  8790 | D:11     | Killed a two-headed ogre
  9035 | D:11     | Reached skill level 5 in Invocations
  9213 | D:12     | Noticed an orc knight
  9229 | D:12     | Killed an orc knight
  9230 | D:12     | Killed an unseen horror
  9230 | D:12     | Reached XP level 12. HP: 61/91 MP: 10/17
  9260 | D:12     | Reached ** piety under Sif Muna
  9513 | D:12     | Noticed a two-headed ogre
  9653 | D:12     | Noticed a two-headed ogre
  9659 | D:12     | Killed a two-headed ogre
  9727 | D:12     | Noticed a two-headed ogre
  9731 | D:12     | Killed a two-headed ogre
  9733 | D:12     | Found a staircase to the Orcish Mines.
  9739 | D:12     | Reached *** piety under Sif Muna
  9997 | Lair:1   | Entered Level 1 of the Lair of Beasts
 10106 | Lair:1   | Reached skill level 10 in Evocations
 10725 | Lair:2   | Found a staircase to the Shoals.
 10725 | Lair:2   | Noticed a seven-headed hydra
 11073 | Lair:2   | Killed a seven-headed hydra
 11132 | Lair:2   | Reached **** piety under Sif Muna
 11132 | Lair:2   | Reached XP level 13. HP: 81/100 MP: 16/21
 11962 | Lair:3   | Noticed Urug
 11974 | Lair:3   | Killed Urug
 12406 | Lair:3   | Learned a level 4 spell: Force Lance
 12585 | Lair:4   | Found a hole to the Spider Nest.
 12669 | Lair:4   | Got a steaming quarterstaff
 12670 | Lair:4   | Identified the +7 quarterstaff of Gallantry {freeze, MR+
                  | Str+2} (You found it on level 4 of the Lair of Beasts)
 12722 | Lair:4   | Found a snail-covered altar of Cheibriados.
 13443 | Lair:5   | Found a runed translucent door.
 13443 | Lair:5   | Found a viscous altar of Jiyva.
 13639 | Lair:5   | Found a staircase to the Slime Pits.
 13751 | Lair:5   | Reached skill level 10 in Fighting
 14597 | Lair:6   | Entered Level 6 of the Lair of Beasts
 14803 | Lair:6   | Reached XP level 14. HP: 63/109 MP: 15/23
 15226 | Lair:6   | Reached skill level 10 in Invocations
 15501 | Lair:6   | Reached ***** piety under Sif Muna
 15535 | Lair:6   | Identified Sif Muna's Papyrus of Warped Arcane Weapons (Sif
                  | Muna gifted it to you on level 6 of the Lair of Beasts)
 15535 | Lair:6   | Received a gift from Sif Muna
 16662 | Lair:6   | Got a fine pewter ring
 16664 | Lair:6   | Identified the ring of the Princess {*Tele rElec} (You
                  | found it on level 6 of the Lair of Beasts)
 16894 | Orc:1    | Entered Level 1 of the Orcish Mines
 16904 | Orc:1    | Noticed Nergalle
 16932 | D:12     | Killed Nergalle
 17263 | Orc:1    | Found Ybyutubu's Antique Armour Emporium.
 17525 | Orc:2    | Entered Level 2 of the Orcish Mines
 17648 | Orc:2    | Identified Sif Muna's Beginning Course on Casting (Sif Muna
                  | gifted it to you on level 2 of the Orcish Mines)
 17648 | Orc:2    | Received a gift from Sif Muna
 17947 | Orc:2    | Found a staircase to the Elven Halls.
 18109 | Orc:2    | Found Ofag's Antique Armour Boutique.
 18192 | Orc:2    | Found Omeocludghe's Distillery.
 18278 | Orc:2    | Reached XP level 15. HP: 98/116 MP: 25/25
 18312 | Orc:2    | Found Mydgha's Distillery.
 18322 | Orc:2    | Found Cocad's Book Boutique.
 18324 | Orc:2    | Found Amiaf's Distillery.
 18365 | Orc:2    | Bought a pair of transparent boots for 313 gold pieces
 18375 | Orc:2    | Identified the +2 pair of boots of Polytheism {Slay+4} (You
                  | bought it in a shop on level 2 of the Orcish Mines)
 19054 | D:13     | Found Ebol's Food Shoppe.
 19146 | D:13     | Identified Sif Muna's Reference Book on Boosting Fire (Sif
                  | Muna gifted it to you on level 13 of the Dungeon)
 19146 | D:13     | Received a gift from Sif Muna
 19231 | D:13     | You fall into a shaft and drop 1 floor!
 19331 | D:14     | Got a dazzling war axe
 19643 | D:14     | Noticed Nessos
 19646 | D:14     | Killed Nessos
 19924 | D:14     | Found a gate to the Vaults.
 20105 | D:15     | Entered Level 15 of the Dungeon
 20151 | D:15     | Found Ygueduw's Antique Weapon Shoppe.
 20278 | D:15     | Noticed Louise
 20293 | D:15     | Killed Louise
 20296 | D:15     | Found Aleol's Antique Weapon Shoppe.
 20508 | D:15     | Found a staircase to the Depths.
 20508 | D:15     | Noticed a fire giant
 20521 | D:15     | Killed a fire giant
 20939 | Spider:1 | Entered Level 1 of the Spider Nest
 21865 | Spider:1 | HP: 5/117 [emperor scorpion (5)]
 21870 | Spider:1 | HP: 3/117 [wolf spider (1)]
 21872 | Spider:1 | Slain by a wolf spider

Levels and vault maps discovered:
D:1:      mrwooster_arrival_statue_3, layout_rooms, amethyst_killhole
D:2:      layout_loops_cross, grunt_temple_overflow_open, old_standard_altar,
          first_ration
D:3:      layout_rooms, overflow_temple_1_default
D:4:      layout_rooms, minmay_temple_entry_fiery, kennysheep_potato,
          uniq_blork_the_orc, uniq_natasha
D:5:      layout_rooms, nicolae_ossuary_entry_monument
D:6:      layout_basic, okawaru_altar_gauntlet_db, uniq_pikel,
          uniq_prince_ribbit1
D:7:      layout_loops_ring
D:8:      layout_basic, lemuel_crystal_altar, serial_glass, glass_columns_a,
          glass_columns_a, serial_shops, shop_statue,
          nicolae_shop_overgrown_old_shop, uniq_gastronok, uniq_erica
D:9:      layout_irregular_city, grunt_temple_overflow_cloverleaf,
          chequers_temple_overflow_minitemple, uniq_grum
D:10:     kennysheep_six_static_rooms, layout_basic, lair_entry_dummy,
          nicolae_trove_entry_free_sample, disabler_island, uniq_psyche
D:11:     layout_long_grid, uniq_maurice
D:12:     layout_basic, david_orc_3, special_room [special_room_orc]
D:13:     layout_basic, serial_shops, shop
D:14:     layout_basic, ximxim_vaults_locker_room, minivault_23, uniq_nessos
D:15:     grunt_enter_depths_giant_problem, layout_basic, serial_shops,
          nicolae_shop_overgrown_old_shop, shop, interstate_on_off, uniq_louise
Temple:   nicolae_temple_figure_zero
Lair:1:   layout_long_grid
Lair:2:   layout_concentric_octagons, minmay_shoals_entry_centaurs
Lair:3:   layout_concentric_octagons, minivault_11, uniq_urug
Lair:4:   layout_regular_city, spider_nest_entry_rubble,
          kennysheep_snail_temple, serial_bayou_shore_a
Lair:5:   layout_hall_layers, slime_altar_2
Lair:6:   evilmike_catoblepas_cave, layout_gridlike, wad_woods_river_01,
          grunt_megastairs_2, minmay_lair_oklob_chamber
Spider:1: spiders_nest_scorpion_pit
Orc:1:    layout_caves, serial_shops, shop, guppyfry_orc_lava_fort,
          uniq_nergalle
Orc:2:    st_orc_elflike, layout_diamond_mine, serial_shops, shop,
          nicolae_orc_rockfall

Skill      XL: |  1  2  3  4  5  6  7  8  9 10 11 12 13 14 15 |
---------------+----------------------------------------------+-----
Unarmed Combat | 1 2 3 4 5 6 8 9 10 12 13 14 | 14.3
Dodging        | 2 3 4 5 6 7 8 9 |  9.8
Crossbows      | 4 5 6 7 8 9 10 11 12 | 12.3
Fighting       | 3 4 5 6 8 9 10 11 | 11.5
Invocations    | 5 8 9 11 12 | 12.1
Evocations     | 7 10 12 14 | 14.9
Stealth        | |  0.8

Action                   |  1- 3 |  4- 6 |  7- 9 | 10-12 | 13-15 || total
-------------------------+-------+-------+-------+-------+-------++-------
Melee: Unarmed           |    15 |    80 |    98 |   242 |   540 ||   975
       Tailslap          |     2 |     4 |    13 |    34 |    75 ||   128
       Punch             |       |     1 |     5 |    10 |    39 ||    55
       Hand crossbow     |       |       |       |     1 |       ||     1
 Fire: Hand crossbow     |    95 |   110 |   225 |   323 |   160 ||   913
       Arbalest          |       |       |       |       |   406 ||   406
 Cast: Force Lance       |       |       |       |       |     3 ||     3
Invok: Divine Exegesis   |       |       |       |       |     3 ||     3
 Abil: Breathe Dispellin |       |       |    20 |    27 |    19 ||    66
Evoke: Wand              |       |       |       |    38 |    83 ||   121
       Lightning rod     |       |       |       |     4 |    15 ||    19
       Lamp of fire      |       |       |       |     1 |     5 ||     6
       Fan of gales      |       |       |       |     1 |     4 ||     5
       Phantom mirror    |       |       |       |       |     2 ||     2
       Crystal ball of e |       |       |       |       |     1 ||     1
  Use: Scroll            |     3 |     6 |    14 |     4 |    15 ||    42
       Potion            |       |     2 |     3 |     4 |    11 ||    20
 Stab: Sleeping          |       |       |     1 |       |     3 ||     4
       Paralysed         |       |       |       |     2 |       ||     2
       Petrified         |       |       |       |       |    10 ||    10
       Distracted        |       |       |       |       |     1 ||     1
  Eat: Chunk             |     1 |     3 |    11 |    15 |    29 ||    59
       Ration            |       |       |     1 |     2 |     3 ||     6
Armor: Skin              |    11 |    34 |    50 |    76 |   239 ||   410
Dodge: Dodged            |    25 |    62 |   118 |   180 |   494 ||   879
